 Dungeon Crawl Stone Soup version 0.26.1-2-gb8aa6d0cf2 (webtiles) character file.

Game seed: 6277222313094214070

50992 FishyPogo the Martial Artist (level 14, -14/98 HPs)
             Began as a Gnoll Transmuter on Feb 27, 2021.
             Was a High Priest of Hepliaklqana.
             Demolished by Agnes
             ... wielding a +2 lajatang of speed
              (22 damage)
             ... on level 1 of the Depths on Feb 28, 2021.
             The game lasted 02:19:41 (26249 turns).

FishyPogo the Martial Artist (Gnoll Transmuter)    Turns: 26249, Time: 02:19:41

Health: -14/98     AC: 13    Str: 15 (16) XL:     14   Next: 57%
Magic:  24/28      EV: 25    Int: 16      God:    Hepliaklqana [*****.]
Gold:   2810       SH: 15    Dex: 23 (24) Spells: 2/34 levels left

rFire    + . .     SeeInvis +   b - +2 dagger (speed)
rCold    . . .     Faith    .   A - +3 buckler of Healoa Nied {Dex+4 SInv}
rNeg     + . .     Spirit   .   y - +2 leather armour {rF+}
rPois    .         Reflect  +   W - +0 helmet
rElec    .         Harm     .   D - +0 cloak
rCorr    .         Rampage  .   j - +2 pair of gloves {Dex+3}
Will     +....                  r - +0 pair of boots {Fly}
Stlth    ++++......             o - amulet of reflection
HPRegen  0.26/turn              T - +4 ring of evasion
MPRegen  0.21/turn              C - ring of positive energy

@: lethally poisoned (-14 -> -29), about to teleport, flying
A: distributed training, reduced essence, fangs 1, deterioration 1, subdued
magic 1, strong nose
a: Stop Flying, Renounce Religion, Recall Ancestor, Ancestor Identity,
Transference, Idealise


You were on level 1 of the Depths.
You worshipped Hepliaklqana.
Hepliaklqana was extremely pleased with you.
You visited 3 branches of the dungeon, and saw 18 of its levels.
You also visited: Sewer.

You collected 3528 gold pieces.
You spent 718 gold pieces at shops.

Inventory:

Hand Weapons
 a - a +2 vampiric dagger
 b - a +2 dagger of speed (weapon)
 H - the +9 quarterstaff "Yxounnis" {antimagic, *Contam rN+ MP+9 Dex+3}
   (You found it on level 9 of the Dungeon)

   It reduces the magical energy of the wielder, and disrupts the spells and
   magical abilities of those hit.
   Natural abilities and divine invocations are not affected.
   It affects your dexterity (+3).
   It protects you from negative energy.
   It affects your magic capacity (+9).
   It causes magical contamination when unequipped.
 P - a +2 falchion of flaming
Missiles
 t - 9 javelins
 v - 82 poisoned darts (quivered)
 x - 7 datura-tipped darts
 E - 30 boomerangs
 S - 2 throwing nets
Armour
 h - the +6 scale mail of Activism {Harm rF- Int+5}
   (You bought it in a shop on level 2 of the Orcish Mines)

   It affects your intelligence (+5).
   It makes you vulnerable to fire.
   It increases damage dealt and taken.
 j - a +2 pair of gloves of dexterity (worn)
 r - a +0 pair of boots of flying (worn)
 y - a +2 leather armour of fire resistance (worn)
 A - the +3 buckler of Healoa Nied (worn) {Dex+4 SInv}
   (You took it off a deep elf mage on level 9 of the Dungeon)

   It affects your dexterity (+4).
   It lets you see invisible.
 D - a +0 cloak (worn)
 W - a +0 helmet (worn)
Jewellery
 o - an amulet of reflection (around neck)
 C - a ring of positive energy (right hand)
 N - an uncursed ring of resist corrosion
 T - a +4 ring of evasion (left hand)
Wands
 i - a wand of digging (11)
 q - a wand of acid (10)
 z - a wand of paralysis (4)
 I - a wand of flame (35)
 R - a wand of polymorph (6)
 Y - a wand of enslavement (13)
 Z - a wand of iceblast (7)
Scrolls
 c - 4 scrolls of teleportation
 d - 4 scrolls of enchant armour
 g - 6 scrolls of remove curse
 n - 3 scrolls of immolation
 s - 3 scrolls of identify
 u - 4 scrolls of enchant weapon
 K - a scroll of blinking
 L - a scroll of magic mapping {unknown}
 Q - a scroll of amnesia
 X - a scroll of fear
Potions
 e - 2 potions of mutation
 f - 2 potions of haste
 k - 2 potions of lignification
 l - 4 potions of flight
 m - 9 potions of curing
 p - 2 potions of invisibility
 w - a potion of berserk rage
 B - 3 potions of attraction
 G - a potion of might
 J - 3 potions of magic
 M - a potion of cancellation
 U - 5 potions of ambrosia
Miscellaneous
 O - a box of beasts
 V - a lightning rod (4/4)


   Skills:
 + Level 9.7 Fighting
 + Level 9.3 Short Blades
 + Level 9.3 Long Blades
 + Level 9.3 Axes
 + Level 9.3 Maces & Flails
 + Level 9.3 Polearms
 + Level 9.3 Staves
 + Level 9.3 Slings
 + Level 9.3 Bows
 + Level 9.3 Crossbows
 + Level 9.3 Throwing
 + Level 9.3 Armour
 + Level 10.3 Dodging
 + Level 9.3 Stealth
 + Level 9.3 Shields
 + Level 11.2 Unarmed Combat
 + Level 10.5 Spellcasting
 + Level 7.8 Conjurations
 + Level 7.8 Hexes
 + Level 7.8 Summonings
 + Level 7.8 Necromancy
 + Level 7.8 Translocations
 + Level 8.7 Transmutations
 + Level 7.8 Fire Magic
 + Level 7.8 Ice Magic
 + Level 7.8 Air Magic
 + Level 7.8 Earth Magic
 + Level 7.8 Poison Magic
 + Level 10.1 Invocations
 + Level 9.3 Evocations


You had 2 spell levels left.
You knew the following spells:

 Your Spells              Type           Power        Failure   Level
a - Yara's Violent Unrav  Hex/Tmut       13%          8%          5
c - Lightning Bolt        Conj/Air       12%          10%         5
h - Summon Guardian Gole  Hex/Summ       25%          1%          3
k - Olgreb's Toxic Radia  Pois           25%          3%          4
l - Summon Lightning Spi  Summ/Air       25%          3%          4
u - Wereblood             Tmut           28%          1%          2
x - Blade Hands           Tmut           14%          6%          5
y - Beastly Appendage     Tmut           56%          1%          1
z - Spider Form           Tmut/Pois      13%          1%          3

Your spell library contained the following spells:

 Spells                   Type           Power        Failure   Level
 Animate Skeleton         Necr           50%          1%          1
 Apportation              Tloc           50%          1%          1
 Corona                   Hex            27%          1%          1
 Sandblast                Erth           50%          1%          1
 Sting                    Tmut/Pois      100%         1%          1
 Summon Small Mammal      Summ           100%         1%          1
 Call Imp                 Summ           25%          1%          2
 Passwall                 Tmut/Erth      21%          1%          2
 Poisonous Vapours        Pois/Air       50%          1%          2
 Call Canine Familiar     Summ           25%          1%          3
 Ignite Poison            Fire/Tmut/Pois 26%          1%          3
 Mephitic Cloud           Conj/Pois/Air  25%          1%          3
 Static Discharge         Conj/Air       25%          1%          3
 Stone Arrow              Conj/Erth      50%          1%          3
 Ice Form                 Ice/Tmut       26%          2%          4
 Petrify                  Tmut/Erth      26%          2%          4
 Summon Ice Beast         Ice/Summ       25%          3%          4
 Lee's Rapid Deconstruct  Erth           12%          10%         5
 Freezing Cloud           Conj/Ice/Air   12%          50%         6
 Ignition                 Fire           12%          100%        8
 Shatter                  Erth           12%          100%        9
 Tornado                  Air            12%          100%        9


Dungeon Overview and Level Annotations

Branches:
Dungeon (15/15)            Temple (0/1) D:4            Lair (0/6) D:11
    Orc (2/2) D:12            Elf (0/3) Orc:2        Vaults (0/5) D:13
 Depths (1/5) D:15          Sewer (visited)

Altars:
Dithmenos
Elyvilon
Fedhas
Gozag
Hepliaklqana
Makhleb
Qazlal
Ru
Sif Muna
Trog
Vehumet
Yredelemnul
The Shining One

Shops:
D:7 =}*   Orc:2 :[}=*

Portals:
Trove: D:11 (give 12 potions of heal wounds)

Annotations:
Depths:1 Agnes, Frederick
Abyss:1 Prince Ribbit


Innate Abilities, Weirdness & Mutations

Your experience applies equally to all skills.
You have very sharp teeth.
Your uncanny sense of smell can sniff out nearby items.
Your life essence is reduced to manifest your ancestor. (-10% HP)
Your body sometimes deteriorates upon taking damage.
Your spells are a little easier to cast, but a little less powerful.


Message History

The vampire knight closely misses you.
The vampire knight completely misses you.
The ettin hits you with a +0 dire flail!!!
* * * LOW HITPOINT WARNING * * *
Your body deteriorates!
You feel clumsy. You block the ettin's attack.
Unknown command.
Okay, then.
As you read the scroll of teleportation, it crumbles to dust.
You feel strangely unstable.
* * * LOW HITPOINT WARNING * * *
You feel sick. You block the meliai's attack. The meliai completely misses you.
The vampire mage misses you. The vampire mage bites you.
* * * LOW HITPOINT WARNING * * *
The meliai hits you but does no damage. The meliai closely misses you.
A glowing orange brain comes into view.
Frederick gestures wildly while chanting.
Frederick summons a servant imbued with his destructive magic!
Agnes hits you with a +2 lajatang of speed!!
You die...

.# #.......G..
# .. ..........
#. 8#8......!..
#. [#.........
#.8#8.........
#......8......
#8.i/.......
#.Q@V...c((
#@VyC......
.............
...............
..###..........
..#(#....(.....
..###...#######
........#


You could see Frederick, Agnes, a tengu reaver, a spellforged servitor
(summoned), a vampire knight, an ettin, a glowing orange brain, a centaur
warrior, a vampire mage, a meliai, a +3 double sword and a friendly lightning
spire (summoned).

Vanquished Creatures
  2 ettins (D:15)
  A fire dragon (D:15)
  An ogre mage (D:15)
  A vault guard (D:13)
  2 boulder beetles (D:11)
  An ice dragon (D:15)
  2 hydras
  A centaur warrior (D:8)
  7 two-headed ogres
  2 orc high priests (Orc:2)
  A skeletal warrior (D:13)
  An unseen horror (D:11)
  2 orc knights (Orc:2)
  3 wizards (D:13)
  2 deep elf magi
  A manticore (D:9)
  8 ugly things
  An orc sorcerer (Orc:2)
  4 cyclopes
  A centaur zombie (D:15)
  2 komodo dragons (D:13)
  3 trolls
  A hornet (D:9)
  2 slime creatures (D:12)
  3 meliai (D:14)
  A vampire (D:15)
  2 wraiths
  14 yaks
  4 wyverns
  11 humans (D:13)
  2 basilisks (D:11)
  3 vampire mosquitoes
  2 steam dragons (D:10)
  A warg (Orc:1)
  2 water moccasins
  20 orc warriors
  An ice beast (D:10)
  A phantom (D:13)
  7 ogres
  3 sky beasts
  A black bear (D:5)
  A necrophage (D:11)
  14 centaurs
  2 big kobolds
  10 bullfrogs
  A gnoll sergeant (D:11)
  Dowan (D:6)
  A wyvern skeleton (D:12)
  3 scorpions
  12 killer bees
  5 wights
  An electric eel (D:12)
  A hexer (D:11)
  7 hounds
  20 orc priests
  Crazy Yiuf (D:7)
  27 orc wizards
  3 bullfrog skeletons
  A gnoll shaman (D:5)
  2 centaur skeletons (D:10)
  5 iguanas
  9 worker ants
  A hound zombie (D:6)
  A howler monkey zombie (D:9)
  9 gnolls
  A howler monkey skeleton (D:8)
  9 adders
  A shadow imp (D:8)
  6 white imps
  2 ufetubi
  4 oozes (Sewer)
  5 worms
  2 dart slugs
  6 leopard geckos
  71 orcs
  12 bats
  9 giant cockroaches
  9 goblins
  14 hobgoblins
  13 jackals
  4 quokkas
  2 ball pythons
  2 frilled lizards
  A jackal skeleton (D:6)
  19 kobolds
  A quokka zombie (D:7)
  8 rats
  A bush (D:4)
470 creatures vanquished.

Vanquished Creatures (collateral kills)
  Harold (D:7)
  2 two-headed ogres
  An orc knight (Orc:2)
  2 orc sorcerers
  3 cyclopes
  2 ugly things
  2 deep elf magi (D:15)
  A gargoyle (D:10)
  A kobold demonologist (D:12)
  A komodo dragon (D:12)
  A centaur skeleton (D:13)
  A troll (Orc:1)
  3 slime creatures (D:12)
  A wraith (D:9)
  A shadow (D:11)
  2 wyverns
  4 yaks
  6 humans (D:13)
  A basilisk (D:13)
  A warg (Orc:1)
  Edmund (D:6)
  A soldier ant (D:12)
  Duvessa (D:6)
  2 water moccasins (D:11)
  2 ice beasts (D:7)
  8 orc warriors
  A sky beast (D:10)
  2 ogres
  3 centaurs
  3 big kobolds
  A nameless horror (D:11)
  3 bullfrogs
  A scorpion (D:11)
  5 killer bees
  2 wights (D:15)
  An electric eel (D:12)
  A howler monkey (D:8)
  4 jellies
  A bullfrog zombie (D:12)
  5 orc priests
  3 hounds
  An iguana (D:13)
  10 orc wizards
  2 worker ants
  A worker ant zombie (D:7)
  4 adders
  5 gnolls
  A shadow imp (D:10)
  A white imp (D:8)
  2 ufetubi
  2 worms (Sewer)
  2 leopard geckos (D:13)
  28 orcs
  3 jackals
  4 kobolds
  6 bats
  A frilled lizard (D:4)
  A giant cockroach zombie (D:6)
  A jackal skeleton (D:4)
163 creatures vanquished.

Vanquished Creatures (others)
  Louise (D:15)
  A vault guard (D:13)
  A centaur warrior (D:15)
  An orc high priest (Orc:2)
  A skeletal warrior (D:13)
  A necromancer (D:13)
  An orc knight (Orc:2)
  An orc sorcerer (Orc:2)
  2 ugly things (D:14)
  A human (D:13)
  A yak (D:9)
  A sky beast (D:8)
  A centaur zombie (D:8)
  An orc wizard (D:8)
  21 hexers
  16 fungi
  96 plants
148 creatures vanquished.

Grand Total: 781 creatures vanquished

Notes
Turn   | Place    | Note
-------+----------+-------------------------------------------
     0 | D:1      | FishyPogo the Gnoll Transmuter began the quest for the Orb.
     0 | D:1      | Reached XP level 1. HP: 17/17 MP: 6/6
   322 | D:1      | Reached XP level 2. HP: 17/23 MP: 5/7
  1120 | D:2      | Reached XP level 3. HP: 26/28 MP: 7/9
  1121 | D:2      | Reached skill level 5 in Spellcasting
  1495 | D:2      | Reached skill level 1 in Invocations
  1522 | D:2      | Learned a level 2 spell: Wereblood
  1526 | D:2      | Learned a level 3 spell: Spider Form
  1856 | D:2      | Reached skill level 1 in Short Blades
  1856 | D:2      | Reached skill level 1 in Long Blades
  1856 | D:2      | Reached skill level 1 in Axes
  1856 | D:2      | Reached skill level 1 in Maces & Flails
  1856 | D:2      | Reached skill level 1 in Polearms
  1856 | D:2      | Reached skill level 1 in Staves
  1856 | D:2      | Reached skill level 1 in Slings
  1856 | D:2      | Reached skill level 1 in Bows
  1856 | D:2      | Reached skill level 1 in Crossbows
  1856 | D:2      | Reached skill level 1 in Throwing
  1856 | D:2      | Reached skill level 1 in Armour
  1856 | D:2      | Reached skill level 1 in Stealth
  1856 | D:2      | Reached skill level 1 in Shields
  1856 | D:2      | Reached skill level 1 in Evocations
  2082 | D:3      | Reached XP level 4. HP: 34/34 MP: 9/11
  2101 | D:3      | Found an opulent altar of Gozag.
  2104 | D:3      | Found a hazy altar of Hepliaklqana.
  2113 | D:3      | Became a worshipper of Hepliaklqana the Forgotten
  2205 | D:3      | Found a glowing drain.
  2226 | Sewer    | Entered a sewer
  2232 | Sewer    | Reached skill level 1 in Conjurations
  2232 | Sewer    | Reached skill level 1 in Hexes
  2232 | Sewer    | Reached skill level 1 in Summonings
  2232 | Sewer    | Reached skill level 1 in Necromancy
  2232 | Sewer    | Reached skill level 1 in Translocations
  2232 | Sewer    | Reached skill level 1 in Fire Magic
  2232 | Sewer    | Reached skill level 1 in Ice Magic
  2232 | Sewer    | Reached skill level 1 in Air Magic
  2232 | Sewer    | Reached skill level 1 in Earth Magic
  2232 | Sewer    | Reached skill level 1 in Poison Magic
  2411 | Sewer    | Reached XP level 5. HP: 34/36 MP: 12/12
  3274 | D:3      | Reached * piety under Hepliaklqana
  4002 | D:4      | Got a faintly glowing war axe
  4003 | D:4      | Identified the cursed +2 war axe "Wiproosm" {distort,
                  | *Contam rPois Dex-5 SInv} (You found it on level 4 of the
                  | Dungeon)
  4117 | D:4      | Noticed an ogre
  4123 | D:4      | Killed an ogre
  4124 | D:4      | Reached skill level 5 in Dodging
  4124 | D:4      | Reached XP level 6. HP: 42/42 MP: 14/14
  4618 | D:4      | Reached skill level 7 in Unarmed Combat
  4618 | D:4      | Reached XP level 7. HP: 46/46 MP: 15/15
  4814 | D:4      | Found a staircase to the Ecumenical Temple.
  5011 | D:5      | Entered Level 5 of the Dungeon
  5467 | D:5      | Reached XP level 8. HP: 52/54 MP: 16/16
  5549 | D:5      | Got a bloodstained spear
  5606 | D:5      | Reached ** piety under Hepliaklqana
  5607 | D:5      | Remembered your ancestor Dejanaroh as a hexer
  6635 | D:6      | Noticed Edmund
  6655 | D:6      | Killed Edmund
  6755 | D:6      | Noticed Prince Ribbit
  6766 | D:6      | Banished Prince Ribbit
  6767 | D:6      | Reached skill level 5 in Transmutations
  6767 | D:6      | Reached XP level 9. HP: 55/59 MP: 18/18
  7018 | D:6      | Learned a level 3 spell: Summon Guardian Golem
  7055 | D:6      | Noticed Duvessa
  7055 | D:6      | Noticed Dowan
  7079 | D:6      | Killed Dowan
  7082 | D:6      | Killed Duvessa
  7811 | D:7      | Reached skill level 5 in Fighting
  7811 | D:7      | Reached *** piety under Hepliaklqana
  7836 | D:7      | Found a runed translucent door.
  7837 | D:7      | Noticed Crazy Yiuf
  7846 | D:7      | Killed Crazy Yiuf
  8131 | D:7      | Noticed Harold
  8142 | D:7      | Killed Harold
  8143 | D:7      | Reached skill level 8 in Unarmed Combat
  8143 | D:7      | Reached skill level 5 in Invocations
  8146 | D:7      | HP: 2/61 [orc/+0 mace (13)]
  8174 | D:7      | Reached XP level 10. HP: 8/66 MP: 20/20
  8662 | D:7      | Found Veill's Assorted Antiques.
  8702 | D:7      | Found a glowing golden altar of the Shining One.
  8828 | D:7      | Found Ucsuh's Gadget Emporium.
  8834 | D:7      | Found Xucvoput's Jewellery Boutique.
  9074 | D:8      | Reached skill level 5 in Short Blades
  9074 | D:8      | Reached skill level 5 in Long Blades
  9074 | D:8      | Reached skill level 5 in Axes
  9074 | D:8      | Reached skill level 5 in Maces & Flails
  9074 | D:8      | Reached skill level 5 in Polearms
  9074 | D:8      | Reached skill level 5 in Staves
  9074 | D:8      | Reached skill level 5 in Slings
  9074 | D:8      | Reached skill level 5 in Bows
  9074 | D:8      | Reached skill level 5 in Crossbows
  9074 | D:8      | Reached skill level 5 in Throwing
  9074 | D:8      | Reached skill level 5 in Armour
  9074 | D:8      | Reached skill level 5 in Stealth
  9074 | D:8      | Reached skill level 5 in Shields
  9074 | D:8      | Reached skill level 5 in Evocations
  9177 | D:8      | Identified the cursed +2 spear "Iwaemuqu" {flame, *Corrode
                  | MP+9 Int+8 Stlth+} (You found it on level 5 of the Dungeon)
  9190 | D:8      | Gained mutation: Your spells are a little easier to cast,
                  | but a little less powerful. [mutagenic glow]
  9475 | D:8      | Found a glowing golden altar of the Shining One.
  9475 | D:8      | Found a burning altar of Makhleb.
  9475 | D:8      | Found a radiant altar of Vehumet.
  9475 | D:8      | Found a basalt altar of Yredelemnul.
  9486 | D:8      | Found a shadowy altar of Dithmenos.
  9486 | D:8      | Found a blossoming altar of Fedhas.
  9587 | D:8      | Learned a level 1 spell: Animate Skeleton
  9724 | D:8      | Noticed a centaur warrior
  9725 | D:8      | Noticed a two-headed ogre
  9746 | D:8      | Killed a centaur warrior
  9753 | D:8      | Killed a two-headed ogre
 10288 | D:8      | Found a white marble altar of Elyvilon.
 10617 | D:9      | Noticed a manticore
 10645 | D:9      | Killed a manticore
 10796 | D:9      | Reached XP level 11. HP: 74/74 MP: 22/22
 10890 | D:9      | Noticed a cyclops
 10910 | D:9      | Identified a scroll of acquirement
 10911 | D:9      | Acquired 1123 gold pieces
 10972 | D:9      | Got an encrusted quarterstaff
 10973 | D:9      | Identified the +9 quarterstaff "Yxounnis" {antimagic,
                  | *Contam rN+ MP+9 Dex+3} (You found it on level 9 of the
                  | Dungeon)
 10985 | D:9      | Learned a level 4 spell: Summon Ice Beast
 11001 | D:9      | Killed a cyclops
 11002 | D:9      | Reached skill level 9 in Unarmed Combat
 11016 | D:9      | Reached skill level 5 in Conjurations
 11016 | D:9      | Reached skill level 5 in Hexes
 11016 | D:9      | Reached skill level 5 in Summonings
 11016 | D:9      | Reached skill level 5 in Necromancy
 11016 | D:9      | Reached skill level 5 in Translocations
 11016 | D:9      | Reached skill level 5 in Fire Magic
 11016 | D:9      | Reached skill level 5 in Ice Magic
 11016 | D:9      | Reached skill level 5 in Air Magic
 11016 | D:9      | Reached skill level 5 in Earth Magic
 11016 | D:9      | Reached skill level 5 in Poison Magic
 11287 | D:9      | Noticed a deep elf mage
 11287 | D:9      | Noticed a cyclops
 11352 | D:9      | Found a bloodstained altar of Trog.
 11577 | D:9      | Identified the Catalogue of Unstable Confrontation
 11585 | D:9      | Learned a level 5 spell: Yara's Violent Unravelling
 11590 | D:9      | Learned a level 4 spell: Summon Lightning Spire
 11808 | D:9      | Identified the +3 buckler of Healoa Nied {Dex+4 SInv}
 11819 | D:9      | Killed a deep elf mage
 11951 | D:9      | Killed a cyclops
 12089 | D:9      | Found a shimmering blue altar of Sif Muna.
 12109 | D:10     | Entered Level 10 of the Dungeon
 12968 | D:10     | Noticed a two-headed ogre
 12978 | D:10     | Killed a two-headed ogre
 12986 | D:10     | Reached **** piety under Hepliaklqana
 13045 | D:10     | Noticed a cyan ugly thing
 13055 | D:10     | Killed a cyan ugly thing
 13729 | D:11     | Killed an unseen horror
 13735 | D:11     | Gained mutation: Your body sometimes deteriorates upon
                  | taking damage. [mutagenic glow]
 13856 | D:11     | Noticed a boulder beetle
 13873 | D:11     | Found a staircase to the Lair.
 13963 | D:11     | Noticed a two-headed ogre
 14030 | D:11     | Reached XP level 12. HP: 58/81 MP: 8/24
 14117 | D:11     | Noticed a boulder beetle
 14165 | D:11     | Killed a boulder beetle
 14630 | D:11     | Killed a two-headed ogre
 14669 | D:11     | Killed a boulder beetle
 14974 | D:11     | Found a portal to a secret trove of treasure.
 15408 | D:12     | Noticed a five-headed hydra
 15422 | D:12     | Killed a five-headed hydra
 15894 | D:12     | Reached skill level 10 in Unarmed Combat
 15976 | D:12     | Found a staircase to the Orcish Mines.
 16201 | Orc:1    | Entered Level 1 of the Orcish Mines
 17834 | D:13     | Reached XP level 13. HP: 88/88 MP: 19/26
 18257 | D:13     | Found a gate to the Vaults.
 18257 | D:13     | Noticed a vault guard
 18257 | D:13     | Noticed a vault guard
 19243 | D:15     | Entered Level 15 of the Dungeon
 19474 | Orc:1    | Learned a level 5 spell: Blade Hands
 20066 | Orc:1    | Learned a level 4 spell: Olgreb's Toxic Radiance
 20133 | Orc:1    | Acquired a book of the Tempests
 20234 | Orc:2    | Entered Level 2 of the Orcish Mines
 20234 | Orc:2    | Reached ***** piety under Hepliaklqana
 20234 | Orc:2    | Found Oroufedee's Book Shoppe.
 20476 | Orc:2    | Found a staircase to the Elven Halls.
 21276 | Orc:2    | Reached skill level 10 in Spellcasting
 21290 | Orc:2    | Found Uzokuj's Assorted Antiques.
 21290 | Orc:2    | Found Miuczepa's Jewellery Shoppe.
 21292 | Orc:2    | Found Biesig's Antique Armour Shoppe.
 21292 | Orc:2    | Found Yfuhuorch's Gadget Boutique.
 21304 | Orc:2    | Bought a potion of heal wounds for 160 gold pieces
 21304 | Orc:2    | Bought a distressingly furry scale mail for 288 gold pieces
 21325 | Orc:2    | Identified the +6 scale mail of Activism {Harm rF- Int+5}
                  | (You bought it in a shop on level 2 of the Orcish Mines)
 21576 | Orc:2    | Bought a pair of glowing gloves for 270 gold pieces
 22317 | D:14     | Reached XP level 14. HP: 42/97 MP: 18/28
 23256 | D:14     | Reached skill level 10 in Dodging
 23896 | D:15     | Reached skill level 11 in Unarmed Combat
 24202 | D:15     | Found a sacrificial altar of Ru.
 24418 | D:15     | Learned a level 5 spell: Lightning Bolt
 24566 | D:15     | Noticed Louise
 24618 | D:15     | Reached skill level 10 in Invocations
 24892 | D:15     | Found a stormy altar of Qazlal.
 25117 | D:15     | Killed Louise
 25205 | D:15     | Found a staircase to the Depths.
 25799 | Depths:1 | Entered Level 1 of the Depths
 25799 | Depths:1 | Noticed a tengu reaver
 25799 | Depths:1 | Noticed a vampire knight
 25799 | Depths:1 | Noticed Frederick
 25800 | Depths:1 | Noticed Agnes
 26249 | Depths:1 | Demolished by Agnes

Illustrated notes

Levels and vault maps discovered:
D:1:      tarquinn_simple_flora_water_d, layout_basic, minmay_crystal_room,
          nrook_mini_vaults
D:2:      cheibrodos_greedy_goblins, layout_basic
D:3:      minmay_razor_zed, layout_loops_ring,
          chequers_temple_overflow_statue_of_worship,
          cheibrodos_sewer_entry_drain
D:4:      layout_basic, temple_fountains, cheibrodos_gnoll_hut
D:5:      layout_loops_ring
D:6:      layout_gridville, uniq_prince_ribbit1, uniq_edmund, uniq_duvessa
D:7:      layout_loops_corners, basic_altar, serial_shops, shop, shop, shop,
          kennysheep_boxes, uniq_harold, uniq_crazy_yiuf_cottage
D:8:      layout_loops_ring, minmay_overflow_temple_hex, lemuel_crystal_altar,
          grunt_potential
D:9:      minmay_cut_squares, layout_rooms, led_sif_pool,
          trog_three_pillars_becter
D:10:     kennysheep_steamy, layout_basic
D:11:     layout_roguey, minmay_lair_entry_grove, enter_trove_3
D:12:     layout_irregular_city, erik_orc_2
D:13:     layout_basic, grunt_vaults_entry_tiered, minmay_lizard_king
D:14:     layout_stronghold, minmay_misc_feat_alley
D:15:     grunt_enter_depths_hoard, layout_rooms, lemuel_doored_altar,
          nicolae_qazlal_eye_of_the_storm, uniq_louise
Orc:1:    layout_caves, minmay_orc_keep
Orc:2:    grunt_orc_tribal_feast, layout_diamond_mine, serial_shops, shop
Depths:1: grunt_twisty_corner, layout_gridlike, enter_ziggurat_d,
          hangedman_abyss_entry_splay, ashenzari_altar_1, grunt_mini_vestibule,
          serial_sigils_hangedman_writhe, minmay_misc_feat_iff,
          minmay_statues_item, st_stairs_9, minmay_stone_trees_medium,
          sword_in_stone, uniq_nikola, uniq_bai_suzhen, uniq_aizul

Skill      XL: |  1  2  3  4  5  6  7  8  9 10 11 12 13 14 |
---------------+-------------------------------------------+-----
Spellcasting   | 5 6 7 8 9 10 | 10.5
Invocations    | 1 2 3 4 5 6 7 8 9 10 | 10.1
Short Blades   | 1 2 3 4 5 6 7 8 9 |  9.3
Long Blades    | 1 2 3 4 5 6 7 8 9 |  9.3
Axes           | 1 2 3 4 5 6 7 8 9 |  9.3
Maces & Flails | 1 2 3 4 5 6 7 8 9 |  9.3
Polearms       | 1 2 3 4 5 6 7 8 9 |  9.3
Staves         | 1 2 3 4 5 6 7 8 9 |  9.3
Slings         | 1 2 3 4 5 6 7 8 9 |  9.3
Bows           | 1 2 3 4 5 6 7 8 9 |  9.3
Crossbows      | 1 2 3 4 5 6 7 8 9 |  9.3
Throwing       | 1 2 3 4 5 6 7 8 9 |  9.3
Armour         | 1 2 3 4 5 6 7 8 9 |  9.3
Stealth        | 1 2 3 4 5 6 7 8 9 |  9.3
Shields        | 1 2 3 4 5 6 7 8 9 |  9.3
Evocations     | 1 2 3 4 5 6 7 8 9 |  9.3
Conjurations   | 1 2 3 4 5 6 7 |  7.8
Hexes          | 1 2 3 4 5 6 7 |  7.8
Summonings     | 1 2 3 4 5 6 7 |  7.8
Necromancy     | 1 2 3 4 5 6 7 |  7.8
Translocations | 1 2 3 4 5 6 7 |  7.8
Fire Magic     | 1 2 3 4 5 6 7 |  7.8
Ice Magic      | 1 2 3 4 5 6 7 |  7.8
Air Magic      | 1 2 3 4 5 6 7 |  7.8
Earth Magic    | 1 2 3 4 5 6 7 |  7.8
Poison Magic   | 1 2 3 4 5 6 7 |  7.8
Fighting       | 3 4 5 6 7 8 9 |  9.7
Transmutations | 4 5 6 7 8 |  8.7
Dodging        | 5 6 7 8 9 10 | 10.3
Unarmed Combat | 7 8 9 10 11 | 11.2

Action                   |  1- 3 |  4- 6 |  7- 9 | 10-12 | 13-15 || total
-------------------------+-------+-------+-------+-------+-------++-------
Melee: Unarmed           |    92 |   125 |       |    22 |       ||   239
       Bite              |     5 |     8 |    15 |   139 |   178 ||   345
       Kick              |    12 |    12 |     1 |    82 |    67 ||   174
       Headbutt          |     7 |    10 |       |    36 |    43 ||    96
       Punch             |     1 |     3 |     2 |       |       ||     6
       War axe           |       |    27 |   173 |    27 |       ||   227
       Spear             |       |       |       |   157 |       ||   157
       Quarterstaff      |       |       |       |   189 |       ||   189
       Rapier            |       |       |       |   557 |    94 ||   651
       Dagger            |       |       |       |       |   715 ||   715
       Falchion          |       |       |       |       |   106 ||   106
Throw: Dart              |       |       |     7 |    25 |    13 ||    45
 Cast: Beastly Appendage |    27 |    23 |       |    18 |    10 ||    78
       Wereblood         |       |     2 |       |     5 |     3 ||    10
       Summon Guardian G |       |       |     2 |    14 |    19 ||    35
       Summon Lightning  |       |       |       |    18 |    56 ||    74
       Animate Skeleton  |       |       |       |     8 |       ||     8
       Summon Ice Beast  |       |       |       |    17 |    12 ||    29
       Spider Form       |       |       |       |     2 |       ||     2
       Olgreb's Toxic Ra |       |       |       |       |    30 ||    30
       Lightning Bolt    |       |       |       |       |     4 ||     4
Invok: Ancestor Identity |       |       |     1 |       |       ||     1
       Ancestor Life: He |       |       |     1 |       |       ||     1
       Recall Ancestor   |       |       |       |     2 |     4 ||     6
       Idealise          |       |       |       |     1 |     4 ||     5
 Abil: End Transformatio |       |       |       |     1 |       ||     1
Evoke: Lightning rod     |       |       |       |     2 |       ||     2
       Wand              |       |       |       |       |     1 ||     1
  Use: Scroll            |     7 |     2 |     1 |    23 |     8 ||    41
       Potion            |       |     2 |       |     3 |     6 ||    11
 Stab: Sleeping          |     4 |     5 |     3 |    19 |     2 ||    33
       Distracted        |       |       |     1 |    13 |    20 ||    34
       Confused          |       |       |     1 |     6 |     8 ||    15
Armor: Robe              |    17 |    36 |    22 |     3 |       ||    78
       Leather armour    |       |       |       |   107 |    45 ||   152
Dodge: Dodged            |    51 |   157 |   122 |   607 |   321 ||  1258
Block: Buckler           |       |       |    20 |   287 |   384 ||   691
       Reflection        |       |       |       |     6 |    15 ||    21
       Rpst.: Falchion   |       |       |       |       |    20 ||    20
